 Dungeon Sprint DCSS version 0.20-a0-1101-g1de9d76 (webtiles) character file.

4300000 potatolord5000 the Conqueror (level 26, -6/314 HPs)
             Began as an Ogre Monk on May 4, 2017.
             Was the Champion of Makhleb.
             Mangled by a bag of meat
             ... wielding a +9 war axe
              (21 damage)
             ... in the Dungeon (Sprint VIII: "Arena of Blood").
             The game lasted 00:04:07 (43 turns).

potatolord5000 the Conqueror (Ogre Monk)              Turns: 43, Time: 00:04:07

Health: -6/314     AC:  5    Str: 30    XL:     26   Next: 91%
Magic:  20/54      EV: 24    Int: 11    God:    Makhleb [******]
Gold:   0          SH:  0    Dex: 11    Spells: 79/79 levels left

rFire    . . .     SeeInvis .   i - +∞ Axe of Woe
rCold    . . .     Gourm    .   (shield currently unavailable)
rNeg     . . .     Faith    .   a - +0 robe
rPois    .         Spirit   .   (helmet restricted)
rElec    .         Reflect  .   (no cloak)
rCorr    .         Harm     .   (gloves unavailable)
MR       ++...     NoTele   +   (boots unavailable)
Stlth    +++++++++.             (no amulet)
Regen    0.7/turn               j - +30 ring of slaying
MPRegen  0.4/turn               k - +30 ring of slaying

@: no status effects
A: unfitting armour, tough skin 1
a: Minor Destruction, Lesser Servant of Makhleb, Major Destruction, Greater
Servant of Makhleb, Renounce Religion


You were in the Dungeon.
You worshipped Makhleb.
Makhleb was exalted by your worship.
You were not hungry.

You visited 1 branch

Inventory:

Hand Weapons
 i - the +∞ Axe of Woe (weapon)
   (You found it in the Dungeon)
Armour
 a - a +0 robe (worn)
Jewellery
 j - a +30 ring of slaying (left hand)
 k - a +30 ring of slaying (right hand)
Scrolls
 h - a scroll of blinking
Potions
 c - a potion of curing
 d - a potion of heal wounds
 e - a potion of haste
 f - 2 potions of magic
 g - a potion of berserk rage
Comestibles
 b - a bread ration


   Skills:
 O Level 27 Fighting
 O Level 27 Axes
 O Level 27 Throwing
 O Level 27 Armour
 O Level 27 Dodging
 O Level 27 Stealth
 O Level 27 Unarmed Combat
 O Level 27 Spellcasting
 O Level 27 Invocations


You had 79 spell levels left.
You didn't know any spells.

Dungeon Overview and Level Annotations

Branches:
Dungeon (1/1)

Altars:
Makhleb

Annotations:
D The Servant


Innate Abilities, Weirdness & Mutations

You are too large for most types of armour.
You have tough skin. (AC +1)


Message History

* * * LOW HITPOINT WARNING * * *
The bag of meat convulses!
The large bag of meat convulses!
The bag of meat convulses! x3
A bag of meat comes into view.
It is wielding a +9 war axe. 2 orcs and a vampire knight come into view.
The destroyer is wielding a +9 great sword of slicing.
You are engulfed in blazing flames.
* * * LOW HITPOINT WARNING * * *
The meat berserker is engulfed in blazing flames.
You hear a shout!
The bag of meat is engulfed in blazing flames.
The destroyer blinks!
You hear a shout!
The bag of meat is engulfed in blazing flames.
You hear a shout!
The bag of meat hits you with a +9 war axe.
* * * LOW HITPOINT WARNING * * *
The bag of meat is engulfed in blazing flames.
The bag of meat hits you with a +9 war axe!!
You die... .............o ................ooD .....o...OD......O. .....o..o........o. #.......#o....oo... . #.......# .@ooooo..

..###......o###Oo.oo...
......###.V§O§@§oo.o%.
......_..)ooo§Vo..O.o
..#....)#)§§§oo.#o#O
#_)<._#.§§§..o....
#.....#.%...o#V#.#
....O._..D......%%.o.
......###....%....#.#.
..###....%..###.......
. #O......# ......o


You could see The Servant, 3 eight-headed meat hydras, 3 destroyers, 3 large
bags of meat, 3 meat berserkers and 31 bags of meat.

Vanquished Creatures
  3 vampire knights (D)
  15 ogres (D)
  6 two-headed ogres (D)
  A hydra (D)
  25 orcs (D)
50 creatures vanquished.

Vanquished Creatures (others)
  An orc (D)
1 creature vanquished.

Grand Total: 51 creatures vanquished

Notes
Turn   | Place    | Note
-------+----------+-------------------------------------------
     0 | D        | potatolord5000 the Ogre Monk began the quest for the Orb.
     0 | D        | Reached XP level 1. HP: 24/24 MP: 1/1
     3 | D        | Noticed a meat berserker
     4 | D        | Became a worshipper of Makhleb the Destroyer
     4 | D        | Reached * piety under Makhleb
     4 | D        | Reached ** piety under Makhleb
     6 | D        | Killed a meat berserker
     6 | D        | Reached XP level 2. HP: 78/78 MP: 2/2
     6 | D        | Reached XP level 3. HP: 87/87 MP: 3/3
     6 | D        | Reached XP level 4. HP: 97/97 MP: 4/4
     6 | D        | Reached XP level 5. HP: 105/105 MP: 5/5
     6 | D        | Reached XP level 6. HP: 115/115 MP: 6/6
     6 | D        | Reached XP level 7. HP: 124/124 MP: 7/7
     6 | D        | Reached XP level 8. HP: 135/135 MP: 8/8
     6 | D        | Reached XP level 9. HP: 144/144 MP: 9/9
     6 | D        | Reached XP level 10. HP: 153/153 MP: 10/10
     6 | D        | Reached XP level 11. HP: 162/162 MP: 11/11
     6 | D        | Reached XP level 12. HP: 172/172 MP: 12/12
     6 | D        | Reached XP level 13. HP: 182/182 MP: 13/13
    13 | D        | Noticed a meat berserker
    13 | D        | Noticed a meat berserker
    14 | D        | Killed a meat berserker
    14 | D        | Reached skill level 27 in Fighting
    14 | D        | Reached skill level 15 in Stealth
    14 | D        | Reached XP level 14. HP: 198/198 MP: 13/22
    14 | D        | Killed a meat berserker
    14 | D        | Reached skill level 15 in Invocations
    14 | D        | Reached XP level 15. HP: 206/206 MP: 13/26
    15 | D        | Noticed a meat berserker
    16 | D        | Noticed a meat berserker
    17 | D        | Noticed a meat berserker
    18 | D        | Noticed a meat berserker
    19 | D        | Noticed a large bag of meat
    19 | D        | Noticed a large bag of meat
    20 | D        | Killed a meat berserker
    20 | D        | Reached *** piety under Makhleb
    20 | D        | Reached XP level 16. HP: 217/217 MP: 14/29
    20 | D        | Killed a meat berserker
    20 | D        | Reached skill level 15 in Axes
    20 | D        | Reached XP level 17. HP: 226/226 MP: 14/31
    20 | D        | Noticed a destroyer
    21 | D        | Killed a meat berserker
    21 | D        | Reached **** piety under Makhleb
    21 | D        | Reached XP level 18. HP: 236/236 MP: 14/33
    21 | D        | Noticed a destroyer
    22 | D        | Noticed a large bag of meat
    23 | D        | Noticed a meat berserker
    23 | D        | Killed a meat berserker
    23 | D        | Reached ***** piety under Makhleb
    23 | D        | Reached skill level 27 in Invocations
    23 | D        | Reached XP level 19. HP: 245/245 MP: 15/36
    24 | D        | Reached skill level 27 in Dodging
    24 | D        | Killed a destroyer
    24 | D        | Reached skill level 27 in Stealth
    24 | D        | Reached XP level 20. HP: 256/256 MP: 15/37
    25 | D        | Noticed a meat berserker
    26 | D        | Noticed a large bag of meat
    26 | D        | Killed a large bag of meat
    26 | D        | Reached skill level 27 in Axes
    26 | D        | Reached skill level 10 in Armour
    27 | D        | Killed a meat berserker
    27 | D        | Reached XP level 21. HP: 265/265 MP: 16/38
    27 | D        | Reached skill level 15 in Armour
    28 | D        | Noticed a meat berserker
    29 | D        | Noticed an eight-headed meat hydra
    29 | D        | Noticed a large bag of meat
    29 | D        | Noticed a meat berserker
    29 | D        | Noticed The Servant
    30 | D        | Noticed a meat berserker
    30 | D        | Killed a meat berserker
    30 | D        | Reached ****** piety under Makhleb
    30 | D        | Reached XP level 22. HP: 275/275 MP: 16/39
    30 | D        | Killed a destroyer
    30 | D        | Killed a large bag of meat
    30 | D        | Reached skill level 27 in Throwing
    30 | D        | Reached skill level 27 in Unarmed Combat
    31 | D        | Noticed a large bag of meat
    32 | D        | Reached skill level 27 in Armour
    32 | D        | Reached XP level 23. HP: 271/284 MP: 17/40
    32 | D        | Killed a large bag of meat
    32 | D        | Reached skill level 27 in Spellcasting
    32 | D        | Reached XP level 24. HP: 258/295 MP: 17/54
    33 | D        | Killed a large bag of meat
    34 | D        | Noticed a destroyer
    34 | D        | Noticed a destroyer
    35 | D        | Reached XP level 25. HP: 304/304 MP: 17/54
    37 | D        | Noticed a destroyer
    38 | D        | Killed a large bag of meat
    38 | D        | Reached XP level 26. HP: 288/314 MP: 18/54
    38 | D        | Noticed a large bag of meat
    41 | D        | Killed a destroyer
    41 | D        | Noticed a large bag of meat
    42 | D        | Noticed a large bag of meat
    42 | D        | Killed a large bag of meat
    43 | D        | Noticed a destroyer
    43 | D        | HP: 15/314 [something (13)]
    43 | D        | Mangled by a bag of meat

Vault maps used:
D:        meatsprint

Skill      XL: |  1  2  3  4  5  6  7  8  9 10 11 12 13 14 15 16 17 18 19 20 21 22 23 |
---------------+----------------------------------------------------------------------+-----
Fighting       | 25 27 | 27.0
Dodging        | 14 16 18 20 21 23 26 27 | 27.0
Stealth        | 13 15 17 18 20 22 24 27 | 27.0
Unarmed Combat | 14 20 23 27 | 27.0
Axes           | 8 11 13 15 17 20 24 27 | 27.0
Invocations    | 11 15 18 20 23 27 | 27.0
Throwing       | 16 21 27 | 27.0
Armour         | 14 19 27 | 27.0
Spellcasting   | 6 27 | 27.0

Action                   |  1- 3 |  4- 6 |  7- 9 | 10-12 | 13-15 | 16-18 | 19-21 | 22-24 | 25-27 || total
-------------------------+-------+-------+-------+-------+-------+-------+-------+-------+-------++-------
Melee: Executioner's axe |     1 |       |       |       |     2 |     3 |     6 |     4 |     7 ||    23
